 Dungeon Crawl Stone Soup version 0.30.1-11-g7821555f0a (webtiles) character file.

Game seed: 8009125819145201253

105 monsoonserge the Conjurer (level 4, -3/27 HPs)
             Began as a Tengu Reaver on Jan 9, 2024.
             Killed from afar by Blork the orc (8 damage)
             ... with a puff of flame
             ... on level 4 of the Dungeon.
             The game lasted 00:05:41 (2440 turns).

monsoonserge the Conjurer (Tengu Reaver)            Turns: 2440, Time: 00:05:42

Health: -3/27      AC:  6    Str: 12    XL:     4   Next: 83%
Magic:  8/8        EV: 11    Int: 15    God:
Gold:   204        SH:  0    Dex: 13    Spells: 6/7 levels left

rFire   . . .        n - +2 rapier (elec)
rCold   . . .        (no shield)
rNeg    . . .        o - +1 ring mail {Will+}
rPois   .            (helmet restricted)
rElec   .            (no cloak)
rCorr   .            (no gloves)
SInv    .            (boots unavailable)
Will    +....        (no amulet)
Stlth   +            (no ring)
HPRegen 0.24/turn    (no ring)
MPRegen 0.11/turn

%: no passive effects
@: about to teleport
A: beak, talons 3
a: no special abilities


You were on level 4 of the Dungeon.
You visited 1 branch of the dungeon, and saw 4 of its levels.

You collected 204 gold pieces.

Inventory:

Hand Weapons
 n - a +2 rapier of electrocution (weapon)
Missiles
 h - 13 poisoned darts (quivered)
Armour
 o - a +1 ring mail of willpower (worn)
Magical Staves
 p - a staff of cold
 q - a staff of death
Scrolls
 b - a scroll of poison {unknown}
 f - a scroll of teleportation
 g - a scroll of identify
 i - a scroll of brand weapon {unknown}
 k - a scroll of summoning {unknown}
 l - a scroll of enchant armour {unknown}
 r - a scroll of acquirement {unknown}
Potions
 a - 2 potions of curing {unknown}
 c - a potion of magic {unknown}
 d - 3 potions of lignification {unknown}
 e - 3 potions of brilliance {unknown}
 j - 2 potions of flight {unknown}
 m - a potion of haste {unknown}


   Skills:
 + Level 2.8 Fighting
 * Level 1.2 Short Blades
 - Level 1.8(2.8) Axes
 - Level 3.2(3.5) Maces & Flails
 * Level 1.6 Armour
 + Level 2.4 Dodging
 + Level 0.2 Stealth
 + Level 2.0 Spellcasting
 + Level 4.5 Conjurations
 + Level 1.0 Necromancy


You had 6 spell levels left.
You knew the following spells:

 Your Spells              Type           Power      Damage    Failure   Level
a - Kiss of Death         Conj/Necr      36%        2d8       16%         1

Your spell library contained the following spells:

 Spells                   Type           Power      Damage    Failure   Level
 Momentum Strike          Conj/Tloc      16%        3d8       28%         2
 Beastly Appendage        Tmut           2%         N/A       43%         1
 Hailstorm                Conj/Ice       8%         3d4       50%         3
 Cigotuvi's Dreadful Rot  Necr/Pois/Air  4%         N/A       54%         2
 Wereblood                Tmut           1%         N/A       58%         2
 Ignite Poison            Fire/Tmut/Pois 1%         N/A       82%         3
 Portal Projectile        Hex/Tloc       2%         N/A       82%         3
 Spider Form              Tmut/Pois      1%         N/A       82%         3
 Tukima's Dance           Hex            1%         N/A       82%         3
 Blade Hands              Tmut           0%         N/A       100%        5
 Freezing Cloud           Conj/Ice/Air   3%         6-21      100%        5
 Simulacrum               Ice/Necr       1%         N/A       100%        6
 Ozocubu's Refrigeration  Ice            0%         4d7       100%        7
 Polar Vortex             Ice            0%         N/A       100%        9


Dungeon Overview and Level Annotations

Branches:
Dungeon (4/15)
 Temple: D:4-7

Altars:
Vehumet
Zin

Annotations:
D:3 exclusion: statue
D:4 Blork the orc


Innate Abilities, Weirdness & Mutations

You have a beak for a mouth.
You have claws for feet.


Message History

Blork the orc is nearby!
Blork the orc mumbles some strange words.
Blork the orc seems to speed up.
Blork the orc is nearby!
Blork the orc gestures at you while chanting.
The magic dart hits you!
Blork the orc screams, "You are the ugliest creature I've ever seen!"
Blork the orc screams, "I'm going to kill you!"
Blork the orc casts a spell at you. The puff of flame hits you.
Blork the orc closely misses you.
Blork the orc hits you but does no damage.
Blork the orc points at you and mumbles some strange words.
The puff of frost misses you.
Blork the orc gestures at you while chanting.
The puff of flame misses you.
There is an open door here.
Blork the orc hits you from afar with a +0 halberd!
There is an open door here.
Blork the orc yells repeatedly.
Blork the orc hits you from afar with a +0 halberd!
* * * LOW HITPOINT WARNING * * *
Really walk into that teleport trap?
You enter a teleport trap!
The teleport trap disappears.
Your surroundings suddenly seem different.
Blork the orc looks angry.
Blork the orc gestures at you while chanting.
The puff of frost misses you.
Blork the orc gestures at you while chanting.
The puff of frost hits you.
* * * LOW HITPOINT WARNING * * *
As you read the scroll labelled JUNANE ERUNNEE, it crumbles to dust.
It is a scroll of identify.
f - 2 scrolls of teleportation
As you read the scroll of teleportation, it crumbles to dust.
You feel strangely unstable.
Blork the orc hits you but does no damage.
Blork the orc gestures at you while chanting.
The puff of flame hits you!
You die...

#.#># #.# #.#.# ##.# #.# ### ###
....# #..# #.# #.. ..#
..#####'### #.# #######.# #.#
....#.....# #.# #.##.##.####.#
...##.....### #.# #.##.##.#.##.#
....'.._..'.## #.# #.##.##..#.#.#
..###.....#..###.# #.##<#..###..#
..# #.....#...##@# #.##.....#...#
..#####o#####.##.###........†....
(.......# #.##...............##
........# #..o...###..#..<...#
#######.# #o####.###..#.######
#.#####..............######
#..o..o.####.##.#..........
######### #.###.#...######
#.#......#######


You could see Blork the orc.

Vanquished Creatures
  5 adders
  A worm (D:2)
  2 dart slugs
  5 bats
  3 endoplasms
  5 giant cockroaches
  6 goblins
  3 hobgoblins
  4 jackals (D:2)
  8 kobolds
  3 ball pythons
  4 frilled lizards
  2 rats
51 creatures vanquished.

Notes
Turn   | Place    | Note
-------+----------+-------------------------------------------
     0 | D:1      | monsoonserge the Tengu Reaver began the quest for the Orb.
     0 | D:1      | Reached XP level 1. HP: 12/12 MP: 4/4
   124 | D:1      | Reached XP level 2. HP: 15/17 MP: 6/6
   505 | D:1      | Reached XP level 3. HP: 22/22 MP: 7/7
   696 | D:2      | Reached skill level 1 in Axes
   745 | D:2      | Reached skill level 1 in Necromancy
   952 | D:2      | Reached skill level 1 in Armour
  1215 | D:2      | Reached XP level 4. HP: 27/27 MP: 8/8
  1487 | D:3      | Found a radiant altar of Vehumet.
  1487 | D:3      | Noticed a frost-covered statue
  2179 | D:4      | Reached skill level 1 in Short Blades
  2286 | D:4      | Found a glowing silver altar of Zin.
  2386 | D:4      | Noticed Blork the orc
  2440 | D:4      | Killed from afar by Blork the orc

Illustrated notes

Levels and vault maps discovered:
D:1:      eino_arrival_cavern_a, layout_loops_ring, minmay_misc_feat_square,
          moated_statue, fountainhead
D:2:      layout_rooms, serial_bayou, serial_bayou_shore_a, serial_bayou_pond_d,
          serial_bayou_crossing, serial_bayou_pond_d
D:3:      layout_basic, vehumet_statue
D:4:      layout_loops_ring, lemuel_round_altar, kennysheep_little_box,
          kennysheep_generic_room_13, uniq_blork_the_orc

Skill      XL: |  1  2  3  4 |
---------------+-------------+-----
Axes           | 1 |  1.8
Necromancy     | 1 |  1.0
Armour         | 1 |  1.6
Short Blades   | 1 |  1.2
Fighting       | |  2.8
Maces & Flails | |  3.2
Dodging        | |  2.4
Stealth        | |  0.2
Spellcasting   | |  2.0
Conjurations   | |  4.5

Action                     |  1- 3 |  4- 6 || total
---------------------------+-------+-------++-------
  Melee: Hand axe          |    73 |       ||    73
         Kick              |    12 |     5 ||    17
         Peck              |     8 |     4 ||    12
         Rapier            |       |    33 ||    33
    Use: Scroll            |       |     2 ||     2
 Armour: Ring mail         |    39 |    14 ||    53
         Leather armour    |     1 |       ||     1
  Dodge: Dodged            |    46 |    23 ||    69
